 Dungeon Crawl Stone Soup version 0.25.0-1-g7eea58d (webtiles) character file.

Game seed: 8099954457377882537

206 Buxparty the Poker (level 5, 0/41 HPs)
             Began as a Demonspawn Gladiator on June 20, 2020.
             Slain by a worm (10 damage)
             ... on level 4 of the Dungeon.
             The game lasted 00:06:35 (3556 turns).

Buxparty the Poker (Demonspawn Gladiator)           Turns: 3556, Time: 00:06:35

Health: 0/41       AC:  7    Str: 16    XL:     5   Next: 53%
Magic:  5/5        EV: 13    Int:  9    God:
Gold:   174        SH:  0    Dex: 14    Spells: 4/4 levels left

rFire    . . .     SeeInvis .   a - +0 trident
rCold    + + .     Gourm    .   (no shield)
rNeg     . . .     Faith    .   b - +0 leather armour
rPois    .         Spirit   .   c - +0 helmet
rElec    .         Reflect  .   p - +0 cloak
rCorr    .         Harm     .   (no gloves)
MR       .....                  (no boots)
Stlth    +.........             (no amulet)
HPRegen  0.13/turn              j - ring of protection from cold
MPRegen  0.09/turn              r - ring of protection from cold

@: lethally poisoned (0 -> -6)
A: talons 1, iridescent scales 1
a: no special abilities


You were on level 4 of the Dungeon.
You were not hungry.

You visited 1 branch of the dungeon, and saw 4 of its levels.

You collected 174 gold pieces.

Inventory:

Hand Weapons
 a - a +0 trident (weapon)
Missiles
 d - 3 throwing nets
 e - 32 poisoned darts (quivered)
Armour
 b - a +0 leather armour (worn)
 c - a +0 helmet (worn)
 p - a +0 cloak (worn)
Jewellery
 j - a ring of protection from cold (left hand)
 r - a ring of protection from cold (right hand)
Wands
 q - a wand of random effects (10)
Scrolls
 g - 2 scrolls of identify
 n - a scroll of enchant weapon {unknown}
 o - a scroll of remove curse
 s - a scroll of teleportation {unknown}
Potions
 h - a potion of flight {unknown}
 k - 2 potions of curing {unknown}
 l - a potion of lignification {unknown}
 m - a potion of invisibility {unknown}
Comestibles
 f - 6 rations


   Skills:
 + Level 3.4 Fighting
 + Level 3.7 Polearms
 + Level 3.0 Throwing
 + Level 3.6 Dodging


You had 4 spell levels left.
You didn't know any spells.
Your spell library was empty.

Dungeon Overview and Level Annotations

Branches:
Dungeon (4/15)
 Temple: D:4-7

Altars:
Dithmenos
Qazlal
Ru
Zin
The Shining One


Innate Abilities, Weirdness & Mutations

You have sharp toenails.
You are partially covered in iridescent scales. (AC +2)


Message History

You feel sick.
The scorpion stings you but does no damage.
You hit the scorpion but do no damage.
The scorpion is moderately wounded.
You feel sick. The scorpion barely misses you. The worm bites you!
You hit the scorpion but do no damage. Your kick misses the scorpion.
The scorpion is moderately wounded.
You feel sick. The scorpion stings you. The worm completely misses you.
You barely miss the scorpion. Your kick misses the scorpion.
The scorpion is moderately wounded.
You feel sick. The scorpion stings you.
You hit the scorpion. You claw the scorpion.
The scorpion is severely wounded.
The scorpion barely misses you. The worm barely misses you.
You hit the scorpion but do no damage. Your kick misses the scorpion.
The scorpion is severely wounded.
You feel sick. The scorpion stings you.
* * * LOW HITPOINT WARNING * * *
The worm bites you!
You die...

#.....###.....#
##.....#.......
#..............
#..$...........
#>.............
##.............
#..............
.###....s.........
.......@...#......
##....w.....######
#..###...##.... ..
##### ###.# .


You could see a worm and a scorpion.

Vanquished Creatures
  An orc wizard (D:3)
  3 gnolls (D:2)
  5 adders
  An ooze (D:2)
  A worm (D:2)
  4 leopard geckos
  6 orcs (D:3)
  10 bats
  4 giant cockroaches
  9 hobgoblins
  4 jackals (D:3)
  A quokka (D:3)
  10 frilled lizards
  10 goblins
  9 kobolds
  14 rats
92 creatures vanquished.

Notes
Turn   | Place    | Note
-------+----------+-------------------------------------------
     0 | D:1      | Buxparty the Demonspawn Gladiator began the quest for the
                  | Orb.
     0 | D:1      | Reached XP level 1. HP: 16/16 MP: 1/1
    98 | D:1      | Gained mutation: You are partially covered in iridescent
                  | scales. (AC +2) [demonic ancestry]
    98 | D:1      | Reached XP level 2. HP: 22/22 MP: 2/2
   566 | D:1      | Reached XP level 3. HP: 24/28 MP: 3/3
  1593 | D:2      | Found a glowing golden altar of the Shining One.
  1637 | D:2      | Found a sacrificial altar of Ru.
  1642 | D:2      | Found a shadowy altar of Dithmenos.
  1642 | D:2      | Found a glowing silver altar of Zin.
  1642 | D:2      | Found a stormy altar of Qazlal.
  1874 | D:2      | Reached XP level 4. HP: 34/34 MP: 4/4
  2391 | D:3      | Gained mutation: You have sharp toenails. [demonic
                  | ancestry]
  2391 | D:3      | Reached XP level 5. HP: 27/41 MP: 5/5
  3556 | D:4      | Slain by a worm

Illustrated notes

Levels and vault maps discovered:
D:1:      dpeg_arrival_stone_temple_mockup, layout_basic
D:2:      layout_basic, minitemple, tso_oasis_becter, first_ration
D:3:      minmay_chambers_of_twos, layout_basic
D:4:      layout_rooms, lemuel_round_altar, minmay_temple_entry_ruins,
          minmay_ogre_servants

Skill      XL: |  1  2  3  4  5 |
---------------+----------------+-----
Throwing       | 2 3 |  3.0
Polearms       | 3 |  3.7
Dodging        | 3 |  3.6
Fighting       | 3 |  3.4

Action                   |  1- 3 |  4- 6 || total
-------------------------+-------+-------++-------
Melee: Trident           |   130 |   124 ||   254
       Kick              |       |    13 ||    13
Throw: Dart              |     9 |     9 ||    18
  Use: Scroll            |     2 |     2 ||     4
 Stab: Sleeping          |     3 |       ||     3
  Eat: Chunk             |     3 |     6 ||     9
Armor: Leather armour    |    42 |    30 ||    72
Dodge: Dodged            |    79 |   103 ||   182
